BlackHawks vs Jets

Created - 8 novembre 2020 at 20:43

Goals
1 2 3 T
BlackHawks 1 0 0 1
Jets 0 1 2 3
Shots
1 2 3 T
BlackHawks 12 18 2 32
Jets 7 11 9 27

1st period

1. BlackHawks , Justin Faulk 1 (Phillip Danault 3, Scott Laughton 2) at 6:14

Penalties :
Lawson Crouse (CHI) for Tripping (Minor) at 1:22, Lawson Crouse (CHI) for Roughing (Minor) at 8:22, Jake Muzzin (WPG) for Hooking (Minor) at 14:33, Anze Kopitar (CHI) for Hooking (Minor) at 15:44

2nd period

2. Jets , Torey Krug 1 (Nick Suzuki 1, Brandon Saad 4) at 4:11

Penalties :
No Penalty

3rd period

3. Jets , Kasperi Kapanen 3 (Jakub Vrana 2, Mika Zibanejad 2) at 6:48
4. Jets , Jakub Vrana 2 (Mika Zibanejad 3, Kasperi Kapanen 3) at 15:47

Penalties :
Phillip Danault (CHI) for Hooking (Minor) at 1:19, Phil Kessel (CHI) for Hooking (Minor) at 12:02

Goalie Stats

Jake Allen (CHI), 24 saves from 27 shots - (0,889), L, 0-1-0, 60:00 minutes
Ben Bishop (WPG), 31 saves from 32 shots - (0,969), W, 3-1-0, 60:00 minutes

Players Stats for BlackHawks

Player Name              G  A  P  +/- PIM S  H  SB GA TA FO     MP     PP MP  PK MP  
------------------------------------------------------------------------------------
Adam Larsson             0  0  0   0  0   1  1  0  0  0  0/0    20:40   0:23   3:56 
Anze Kopitar             0  0  0  -3  2   5  0  0  0  0  14/26  19:11   0:22   0:38 
Brandon Carlo            0  0  0  -1  0   0  0  1  0  0  0/0    17:42   0:00   5:11 
Curtis Lazar             0  0  0   0  0   1  1  0  0  0  3/8     5:54   0:00   0:00 
Denis Malgin             0  0  0   0  0   0  0  0  0  0  0/0     5:54   0:00   0:00 
Erik Johnson             0  0  0  -1  0   0  2  1  0  0  0/0    26:49   0:48   5:11 
Ivan Barbashev           0  0  0   0  0   2  1  0  0  0  3/4     9:35   0:00   3:41 
Jaden Schwartz           0  0  0  -3  0   2  1  0  0  0  0/2    20:54   0:23   2:06 
Jake Virtanen            0  0  0   0  0   1  0  0  0  0  0/1    12:32   0:00   2:12 
Jared McCann             0  0  0   0  0   4  1  0  0  0  9/12   10:20   0:00   0:00 
John Marino              0  0  0  -1  0   0  0  0  0  0  0/0    13:08   0:23   0:00 
Justin Faulk             1  0  1   0  0   1  1  2  0  0  0/0    20:17   0:00   3:56 
Kyle Palmieri            0  0  0  -3  0   3  4  1  0  0  1/1    19:08   0:23   0:00 
Lawson Crouse            0  0  0   0  4   0  1  0  0  0  0/0    13:54   0:00   3:36 
Phil Kessel              0  0  0   1  2   4  0  0  0  0  1/2    15:16   0:48   0:00 
Phillip Danault          0  1  1   1  2   2  3  0  0  0  14/31  19:39   0:48   3:49 
Ryan Ellis               0  0  0  -1  0   2  2  1  0  0  0/0    21:24   0:48   0:00 
Scott Laughton           0  1  1   1  0   4  2  0  0  0  4/5    17:43   0:48   2:12 

Players Stats for Jets

Player Name              G  A  P  +/- PIM S  H  SB GA TA FO     MP     PP MP  PK MP  
------------------------------------------------------------------------------------
Brandon Saad             0  1  1   1  0   2  0  1  0  0  0/2    12:45   0:00   0:17 
Brock Nelson             0  0  0   0  0   2  2  0  0  0  14/29  19:49   4:34   0:00 
Bryan Rust               0  0  0   0  0   0  3  0  0  0  0/0    20:30   4:33   0:00 
Carl Soderberg           0  0  0   0  0   0  0  0  0  0  0/0     5:49   0:00   0:17 
Hampus Lindholm          0  0  0   0  0   1  3  1  0  0  0/0    26:16   5:18   0:17 
Jaccob Slavin            0  0  0   0  0   2  0  0  0  0  0/0    25:23   3:49   0:17 
Jake Muzzin              0  0  0   0  2   1  2  1  0  0  0/0    21:12   5:18   0:00 
Jakub Vrana              1  1  2   1  0   2  0  0  0  0  1/7    20:18   4:33   0:00 
Jay Bouwmeester          0  0  0   2  0   0  0  1  0  0  0/0    13:21   0:00   0:54 
Kasperi Kapanen          1  1  2   1  0   6  4  0  0  0  0/1    20:16   4:34   0:00 
Mats Zuccarello          0  0  0   0  0   1  1  0  0  0  0/1    19:46   4:34   0:00 
Mika Zibanejad           0  2  2   1  0   3  0  1  0  0  16/27  21:00   4:33   0:00 
Mikko Koivu              0  0  0   0  0   1  1  0  0  0  4/6     6:26   0:00   0:54 
Nick Foligno             0  0  0   1  0   3  1  0  0  0  1/2    12:28   0:00   0:00 
Nick Suzuki              0  1  1   1  0   0  0  1  0  0  7/16   12:28   0:00   0:00 
Patrik Nemeth            0  0  0   0  0   1  0  3  0  0  0/0    16:52   0:00   0:54 
Tim Schaller             0  0  0   0  0   0  0  0  0  0  0/1     6:26   0:00   0:54 
Torey Krug               1  0  1   2  0   2  0  0  0  0  0/0    16:55   3:49   0:00 

3 Stars

1 - Kasperi Kapanen (WPG)
2 - Ben Bishop (WPG)
3 - Jakub Vrana (WPG)

Power Play

BlackHawks - 0 on 1 Attempt(s) - 0,00%
Jets - 0 on 5 Attempt(s) - 0,00%

Penalty Kill

BlackHawks - 5 on 5 Attempt(s) - 100,00% - Score 0 goal in Penalty Kill
Jets - 1 on 1 Attempt(s) - 100,00% - Score 0 goal in Penalty Kill

Team Stat

BlackHawks - Hits : 20 - Faceoff Wins : 49 - Blocked Shots : 6 - Penalty Minutes : 10
Jets - Hits : 17 - Faceoff Wins : 43 - Blocked Shots : 9 - Penalty Minutes : 2

Official

Referees : Tim Mayer and Stephen Hiff
Linesman : Ryan Galloway and Dennis Urban

Game Notes

No Game Note

Finance

Level 1 -- Attendance: 6000 (100,00%) -- Ticket Income 720 000 $
Level 2 -- Attendance: 3555 (71,10%) -- Ticket Income 391 050 $
Level 3 -- Attendance: 1874 (85,18%) -- Ticket Income 187 400 $
Level 4 -- Attendance: 1016 (100,00%) -- Ticket Income 91 440 $
Luxury Box -- Attendance: 566 (70,75%) -- Ticket Income 192 440 $
Game was played at the MTS Center.
Total Attendance: 13011 (86,65%)
Total Ticket Income: 1 582 330 $
Other Income: 775 342 $
Total Income: 2 357 672 $

% Time on Ice - BlackHawks

Lines # - Real PCT - Wanted PCT - Time Play
Normal Forward
1 - 37% - 40% - 18:11
2 - 30% - 30% - 14:29
3 - 21% - 20% - 10:20
4 - 12% - 10% - 5:54
Normal Defense
1 - 38% - 40% - 18:22
2 - 32% - 30% - 15:47
3 - 26% - 20% - 12:31
4 - 5% - 10% - 2:14
PP Forward
1 - 32% - 60% - 0:23
2 - 68% - 40% - 0:48
PP Defense
1 - 68% - 60% - 0:48
2 - 32% - 40% - 0:23
PK Forward
1 - 76% - 60% - 6:55
2 - 24% - 40% - 2:12
PK Defense
1 - 57% - 60% - 5:11
2 - 43% - 40% - 3:56
PK3 Forward
1 - 0% - 60%
2 - 0% - 40%
PK3 Defense
1 - 0% - 60%
2 - 0% - 40%
44 Forward
1 - 71% - 60% - 0:34
2 - 29% - 40% - 0:14
44 Defense
1 - 71% - 60% - 0:34
2 - 29% - 40% - 0:14
Last Minute Offensive  - 0:00
Last Minute Defensive  - 0:00
Total
Forward - 60:00
Defense - 60:00

% Time on Ice - Jets

Lines # - Real PCT - Wanted PCT - Time Play
Normal Forward
1 - 32% - 41% - 15:42
2 - 31% - 30% - 15:12
3 - 25% - 21% - 12:28
4 - 11% - 8% - 5:32
Normal Defense
1 - 41% - 40% - 19:49
2 - 33% - 32% - 15:55
3 - 25% - 23% - 12:24
4 - 2% - 5% - 0:46
PP Forward
1 - 50% - 60% - 4:33
2 - 50% - 40% - 4:34
PP Defense
1 - 42% - 65% - 3:49
2 - 58% - 35% - 5:18
PK Forward
1 - 76% - 60% - 0:54
2 - 24% - 40% - 0:17
PK Defense
1 - 24% - 60% - 0:17
2 - 76% - 40% - 0:54
PK3 Forward
1 - 0% - 60%
2 - 0% - 40%
PK3 Defense
1 - 0% - 60%
2 - 0% - 40%
44 Forward
1 - 94% - 60% - 0:45
2 - 6% - 40% - 0:03
44 Defense
1 - 88% - 60% - 0:42
2 - 13% - 40% - 0:06
Last Minute Offensive  - 0:00
Last Minute Defensive  - 0:00
Total
Forward - 60:00
Defense - 60:00

Play-by-Play

1st period


0:01 of 1st period - Mika Zibanejad wins face-off versus Anze Kopitar in neutral zone.
0:17 of 1st period - Shot by Anze Kopitar.
0:17 of 1st period - Shot Misses the Net.
0:25 of 1st period - Shot by Anze Kopitar.
0:25 of 1st period - Shot Misses the Net.
0:27 of 1st period - Shot by Ryan Ellis.
0:27 of 1st period - Stopped by Ben Bishop without a rebound.
0:28 of 1st period - Brock Nelson wins face-off versus Phillip Danault in Jets zone.
0:38 of 1st period - Icing by Phillip Danault.
0:39 of 1st period - Phillip Danault wins face-off versus Brandon Saad in BlackHawks zone.
1:22 of 1st period - Minor Penalty to Lawson Crouse for Tripping.
1:23 of 1st period - Phillip Danault wins face-off versus Mika Zibanejad in BlackHawks zone.
1:23 of 1st period - Phillip Danault is hit by Bryan Rust.
2:01 of 1st period - Shot by Bryan Rust.
2:01 of 1st period - Shot Blocked by Brandon Carlo.
2:03 of 1st period - Shot by Jake Muzzin.
2:03 of 1st period - Stopped by Jake Allen without a rebound.
2:04 of 1st period - Scott Laughton wins face-off versus Brock Nelson in BlackHawks zone.
2:51 of 1st period - Shot by Jake Virtanen.
2:51 of 1st period - Stopped by Ben Bishop without a rebound.
2:52 of 1st period - Jakub Vrana wins face-off versus Phillip Danault in Jets zone.
2:52 of 1st period - Mika Zibanejad is hit by Phillip Danault and loses puck.
3:01 of 1st period - Shot by Bryan Rust.
3:01 of 1st period - Shot Misses the Net.
3:55 of 1st period - Shot by Jaden Schwartz.
3:55 of 1st period - Stopped by Ben Bishop without a rebound.
3:56 of 1st period - Ivan Barbashev wins face-off versus Nick Suzuki in Jets zone.
4:20 of 1st period - Ivan Barbashev is hit by Hampus Lindholm and loses puck.
4:35 of 1st period - Adam Larsson is hit by Nick Foligno and loses puck.
5:28 of 1st period - John Marino is hit by Hampus Lindholm.
5:53 of 1st period - Icing by Ryan Ellis.
5:54 of 1st period - Anze Kopitar wins face-off versus Brock Nelson in BlackHawks zone.
6:00 of 1st period - Shot by Brock Nelson.
6:00 of 1st period - Shot Misses the Net.
6:02 of 1st period - Shot by Patrik Nemeth.
6:02 of 1st period - Stopped by Jake Allen without a rebound.
6:03 of 1st period - Phillip Danault wins face-off versus Jakub Vrana in BlackHawks zone.
6:14 of 1st period - Shot by Justin Faulk.
6:14 of 1st period - Goal by Justin Faulk - BlackHawks : 1 - Jets : 0.
6:15 of 1st period - Anze Kopitar wins face-off versus Mats Zuccarello in neutral zone.
6:38 of 1st period - Shot by Mats Zuccarello.
6:38 of 1st period - Shot Misses the Net.
6:46 of 1st period - Shot by Brock Nelson.
6:46 of 1st period - Shot Misses the Net.
6:50 of 1st period - Shot by Mats Zuccarello.
6:50 of 1st period - Stopped by Jake Allen without a rebound.
6:51 of 1st period - Phil Kessel wins face-off versus Mika Zibanejad in BlackHawks zone.
7:14 of 1st period - Shot by Scott Laughton.
7:14 of 1st period - Stopped by Ben Bishop without a rebound.
7:15 of 1st period - Mikko Koivu wins face-off versus Jared McCann in Jets zone.
7:15 of 1st period - Mikko Koivu is hit by Lawson Crouse.
8:22 of 1st period - Minor Penalty to Lawson Crouse for Roughing.
8:23 of 1st period - Brock Nelson wins face-off versus Phillip Danault in BlackHawks zone.
8:33 of 1st period - Icing by Jake Muzzin.
8:34 of 1st period - Brock Nelson wins face-off versus Phillip Danault in Jets zone.
8:34 of 1st period - Brock Nelson is hit by Ivan Barbashev.
8:58 of 1st period - Shot by Hampus Lindholm.
8:58 of 1st period - Shot Blocked by Erik Johnson.
9:50 of 1st period - Shot by Mika Zibanejad.
9:50 of 1st period - Stopped by Jake Allen without a rebound.
9:51 of 1st period - Mika Zibanejad wins face-off versus Jaden Schwartz in BlackHawks zone.
10:11 of 1st period - Shot by Torey Krug.
10:11 of 1st period - Stopped by Jake Allen without a rebound.
10:12 of 1st period - Brock Nelson wins face-off versus Phillip Danault in BlackHawks zone.
10:41 of 1st period - Shot by Jared McCann.
10:41 of 1st period - Stopped by Ben Bishop without a rebound.
10:42 of 1st period - Mikko Koivu wins face-off versus Curtis Lazar in Jets zone.
11:34 of 1st period - Off-side.
11:35 of 1st period - Mika Zibanejad wins face-off versus Anze Kopitar in neutral zone.
12:06 of 1st period - Shot by Anze Kopitar.
12:06 of 1st period - Stopped by Ben Bishop without a rebound.
12:07 of 1st period - Phillip Danault wins face-off versus Brock Nelson in Jets zone.
12:10 of 1st period - Shot by Scott Laughton.
12:10 of 1st period - Stopped by Ben Bishop with a rebound.
14:16 of 1st period - Jake Virtanen is hit by Hampus Lindholm.
14:18 of 1st period - Shot by Jared McCann.
14:18 of 1st period - Stopped by Ben Bishop without a rebound.
14:19 of 1st period - Nick Suzuki wins face-off versus Curtis Lazar in Jets zone.
14:32 of 1st period - Shot by Curtis Lazar.
14:32 of 1st period - Shot Misses the Net.
14:33 of 1st period - Minor Penalty to Jake Muzzin for Hooking.
14:34 of 1st period - Mikko Koivu wins face-off versus Phillip Danault in Jets zone.
14:45 of 1st period - Shot by Erik Johnson.
14:45 of 1st period - Shot Misses the Net.
15:01 of 1st period - Shot by Phillip Danault.
15:01 of 1st period - Stopped by Ben Bishop with a rebound.
15:43 of 1st period - Shot by Anze Kopitar.
15:43 of 1st period - Shot Blocked by Hampus Lindholm.
15:44 of 1st period - Minor Penalty to Anze Kopitar for Hooking.
15:45 of 1st period - Mika Zibanejad wins face-off versus Phillip Danault in BlackHawks zone.
16:29 of 1st period - Icing by Erik Johnson.
16:30 of 1st period - Scott Laughton wins face-off versus Mika Zibanejad in BlackHawks zone.
16:46 of 1st period - Icing by Hampus Lindholm.
16:47 of 1st period - Brock Nelson wins face-off versus Phillip Danault in Jets zone.
17:57 of 1st period - Shot by Nick Foligno.
17:57 of 1st period - Stopped by Jake Allen without a rebound.
17:58 of 1st period - Curtis Lazar wins face-off versus Mikko Koivu in BlackHawks zone.
17:58 of 1st period - Ryan Ellis is hit by Mikko Koivu and loses puck.
18:18 of 1st period - Mikko Koivu is hit by Erik Johnson and loses puck.
18:53 of 1st period - Shot by Nick Foligno.
18:53 of 1st period - Stopped by Jake Allen without a rebound.
18:54 of 1st period - Nick Suzuki wins face-off versus Anze Kopitar in BlackHawks zone.
19:07 of 1st period - Shot by Jaden Schwartz.
19:07 of 1st period - Stopped by Ben Bishop without a rebound.
19:08 of 1st period - Mika Zibanejad wins face-off versus Scott Laughton in Jets zone.
19:29 of 1st period - Shot by Phillip Danault.
19:29 of 1st period - Shot Blocked by Mika Zibanejad.
19:31 of 1st period - Shot by Phillip Danault.
19:31 of 1st period - Stopped by Ben Bishop without a rebound.
19:32 of 1st period - Anze Kopitar wins face-off versus Brock Nelson in Jets zone.
19:59 of 1st period - Shot by Bryan Rust.
19:59 of 1st period - Shot Blocked by Kyle Palmieri.
Goals for this period are 1 for BlackHawks vs 0 for Jets.
Shots for this period are 12 for BlackHawks vs 7 for Jets.

2nd period


0:01 of 2nd period - Anze Kopitar wins face-off versus Jakub Vrana in neutral zone.
0:09 of 2nd period - Hampus Lindholm is hit by Kyle Palmieri.
0:35 of 2nd period - Shot by Mika Zibanejad.
0:35 of 2nd period - Deflect By Jakub Vrana.
0:35 of 2nd period - Shot Misses the Net.
0:39 of 2nd period - Shot by Mika Zibanejad.
0:39 of 2nd period - Shot Misses the Net.
1:08 of 2nd period - Shot by Phil Kessel.
1:08 of 2nd period - Shot Misses the Net.
1:11 of 2nd period - Phillip Danault is hit by Jake Muzzin and loses puck.
2:19 of 2nd period - Shot by Jake Virtanen.
2:19 of 2nd period - Shot Blocked by Patrik Nemeth.
2:32 of 2nd period - Ivan Barbashev is hit by Bryan Rust.
2:48 of 2nd period - Shot by Ivan Barbashev.
2:48 of 2nd period - Stopped by Ben Bishop without a rebound.
2:49 of 2nd period - Anze Kopitar wins face-off versus Mika Zibanejad in Jets zone.
3:08 of 2nd period - Shot by Jaden Schwartz.
3:08 of 2nd period - Deflect By Kyle Palmieri.
3:08 of 2nd period - Stopped by Ben Bishop without a rebound.
3:09 of 2nd period - Phillip Danault wins face-off versus Brandon Saad in Jets zone.
3:10 of 2nd period - Shot by Phil Kessel.
3:10 of 2nd period - Stopped by Ben Bishop without a rebound.
3:11 of 2nd period - Nick Suzuki wins face-off versus Phillip Danault in Jets zone.
3:20 of 2nd period - Shot by Nick Foligno.
3:20 of 2nd period - Stopped by Jake Allen without a rebound.
3:21 of 2nd period - Anze Kopitar wins face-off versus Mika Zibanejad in BlackHawks zone.
3:40 of 2nd period - Shot by Adam Larsson.
3:40 of 2nd period - Stopped by Ben Bishop without a rebound.
3:41 of 2nd period - Phillip Danault wins face-off versus Nick Suzuki in Jets zone.
3:48 of 2nd period - Nick Suzuki is hit by Scott Laughton.
3:49 of 2nd period - Icing by Nick Suzuki.
3:50 of 2nd period - Nick Suzuki wins face-off versus Anze Kopitar in Jets zone.
4:05 of 2nd period - Shot by Nick Suzuki.
4:05 of 2nd period - Shot Misses the Net.
4:11 of 2nd period - Shot by Torey Krug.
4:11 of 2nd period - Goal by Torey Krug - BlackHawks : 1 - Jets : 1.
4:12 of 2nd period - Mika Zibanejad wins face-off versus Phillip Danault in neutral zone.
4:12 of 2nd period - Mika Zibanejad is hit by Scott Laughton.
4:20 of 2nd period - Shot by Kasperi Kapanen.
4:20 of 2nd period - Stopped by Jake Allen without a rebound.
4:21 of 2nd period - Jared McCann wins face-off versus Mika Zibanejad in BlackHawks zone.
4:35 of 2nd period - Shot by Ryan Ellis.
4:35 of 2nd period - Stopped by Ben Bishop without a rebound.
4:36 of 2nd period - Anze Kopitar wins face-off versus Nick Foligno in Jets zone.
4:39 of 2nd period - Shot by Anze Kopitar.
4:39 of 2nd period - Shot Misses the Net.
4:59 of 2nd period - Shot by Anze Kopitar.
4:59 of 2nd period - Stopped by Ben Bishop without a rebound.
5:00 of 2nd period - Mika Zibanejad wins face-off versus Phillip Danault in Jets zone.
5:04 of 2nd period - Jaccob Slavin is hit by Phillip Danault and loses puck.
5:23 of 2nd period - Shot by Phillip Danault.
5:23 of 2nd period - Shot Misses the Net.
5:31 of 2nd period - Shot by Mika Zibanejad.
5:31 of 2nd period - Shot Misses the Net.
5:33 of 2nd period - Shot by Kasperi Kapanen.
5:33 of 2nd period - Stopped by Jake Allen without a rebound.
5:34 of 2nd period - Anze Kopitar wins face-off versus Brock Nelson in BlackHawks zone.
5:49 of 2nd period - Shot by Kyle Palmieri.
5:49 of 2nd period - Shot Misses the Net.
5:55 of 2nd period - Shot by Kyle Palmieri.
5:55 of 2nd period - Shot Misses the Net.
5:59 of 2nd period - Shot by Jaden Schwartz.
5:59 of 2nd period - Shot Misses the Net.
6:07 of 2nd period - Shot by Jaden Schwartz.
6:07 of 2nd period - Deflect By Kyle Palmieri.
6:07 of 2nd period - Stopped by Ben Bishop without a rebound.
6:08 of 2nd period - Jared McCann wins face-off versus Nick Suzuki in Jets zone.
6:17 of 2nd period - Shot by Brandon Saad.
6:17 of 2nd period - Stopped by Jake Allen without a rebound.
6:18 of 2nd period - Phillip Danault wins face-off versus Jakub Vrana in BlackHawks zone.
6:18 of 2nd period - Phillip Danault is hit by Kasperi Kapanen.
6:27 of 2nd period - Icing by Ryan Ellis.
6:28 of 2nd period - Brock Nelson wins face-off versus Phillip Danault in BlackHawks zone.
7:11 of 2nd period - Icing by Brock Nelson.
7:12 of 2nd period - Kyle Palmieri wins face-off versus Brock Nelson in Jets zone.
7:41 of 2nd period - Bryan Rust is hit by Kyle Palmieri and loses puck.
7:45 of 2nd period - Icing by Mats Zuccarello.
7:46 of 2nd period - Jared McCann wins face-off versus Brock Nelson in Jets zone.
10:18 of 2nd period - Shot by Mikko Koivu.
10:18 of 2nd period - Stopped by Jake Allen with a rebound.
10:30 of 2nd period - Shot by Ivan Barbashev.
10:30 of 2nd period - Stopped by Ben Bishop without a rebound.
10:31 of 2nd period - Brock Nelson wins face-off versus Jake Virtanen in Jets zone.
10:53 of 2nd period - Erik Johnson is hit by Brock Nelson and loses puck.
12:12 of 2nd period - Shot by Phillip Danault.
12:12 of 2nd period - Shot Blocked by Nick Suzuki.
12:14 of 2nd period - Shot by Phillip Danault.
12:14 of 2nd period - Shot Misses the Net.
12:16 of 2nd period - Shot by Phillip Danault.
12:16 of 2nd period - Shot Blocked by Jay Bouwmeester.
12:18 of 2nd period - Shot by Scott Laughton.
12:18 of 2nd period - Stopped by Ben Bishop without a rebound.
12:19 of 2nd period - Mika Zibanejad wins face-off versus Jaden Schwartz in Jets zone.
12:50 of 2nd period - Shot by Mika Zibanejad.
12:50 of 2nd period - Shot Blocked by Justin Faulk.
13:00 of 2nd period - Shot by Mika Zibanejad.
13:00 of 2nd period - Stopped by Jake Allen without a rebound.
13:01 of 2nd period - Curtis Lazar wins face-off versus Tim Schaller in BlackHawks zone.
13:22 of 2nd period - Shot by Ivan Barbashev.
13:22 of 2nd period - Shot Misses the Net.
13:24 of 2nd period - Shot by Curtis Lazar.
13:24 of 2nd period - Stopped by Ben Bishop without a rebound.
13:25 of 2nd period - Phillip Danault wins face-off versus Brock Nelson in Jets zone.
13:32 of 2nd period - Shot by Phil Kessel.
13:32 of 2nd period - Stopped by Ben Bishop without a rebound.
13:33 of 2nd period - Phillip Danault wins face-off versus Brock Nelson in Jets zone.
13:38 of 2nd period - Shot by Phil Kessel.
13:38 of 2nd period - Stopped by Ben Bishop without a rebound.
13:39 of 2nd period - Mika Zibanejad wins face-off versus Anze Kopitar in Jets zone.
13:39 of 2nd period - Mika Zibanejad is hit by Kyle Palmieri.
13:46 of 2nd period - Jaccob Slavin is hit by Kyle Palmieri and loses puck.
14:08 of 2nd period - Jakub Vrana is hit by Ryan Ellis and loses puck.
15:12 of 2nd period - Shot by Brock Nelson.
15:12 of 2nd period - Stopped by Jake Allen with a rebound.
15:19 of 2nd period - Brock Nelson is hit by Adam Larsson and loses puck.
15:50 of 2nd period - Icing by Nick Foligno.
15:51 of 2nd period - Jared McCann wins face-off versus Nick Suzuki in Jets zone.
15:56 of 2nd period - Shot by Lawson Crouse.
15:56 of 2nd period - Deflect By Jared McCann.
15:56 of 2nd period - Shot Blocked by Brandon Saad.
16:08 of 2nd period - Shot by Jared McCann.
16:08 of 2nd period - Stopped by Ben Bishop without a rebound.
16:09 of 2nd period - Mikko Koivu wins face-off versus Curtis Lazar in Jets zone.
16:56 of 2nd period - Icing by Ryan Ellis.
16:57 of 2nd period - Curtis Lazar wins face-off versus Kasperi Kapanen in BlackHawks zone.
16:57 of 2nd period - Curtis Lazar is hit by Kasperi Kapanen.
17:04 of 2nd period - Ryan Ellis is hit by Kasperi Kapanen and loses puck.
17:09 of 2nd period - Shot by Mika Zibanejad.
17:09 of 2nd period - Shot Blocked by Ryan Ellis.
17:11 of 2nd period - Shot by Kasperi Kapanen.
17:11 of 2nd period - Stopped by Jake Allen with a rebound.
17:13 of 2nd period - Shot by Kasperi Kapanen.
17:13 of 2nd period - Stopped by Jake Allen with a rebound.
17:15 of 2nd period - Shot by Jaccob Slavin.
17:15 of 2nd period - Stopped by Jake Allen without a rebound.
17:16 of 2nd period - Anze Kopitar wins face-off versus Brock Nelson in BlackHawks zone.
17:16 of 2nd period - Anze Kopitar is hit by Brock Nelson.
17:26 of 2nd period - Shot by Anze Kopitar.
17:26 of 2nd period - Stopped by Ben Bishop without a rebound.
17:27 of 2nd period - Mika Zibanejad wins face-off versus Phillip Danault in Jets zone.
17:27 of 2nd period - Mika Zibanejad is hit by Phillip Danault.
17:52 of 2nd period - Off-side.
17:53 of 2nd period - Brock Nelson wins face-off versus Anze Kopitar in neutral zone.
18:06 of 2nd period - Shot by Jaden Schwartz.
18:06 of 2nd period - Shot Hit the Post.
18:16 of 2nd period - Shot by Jaden Schwartz.
18:16 of 2nd period - Deflect By Kyle Palmieri.
18:16 of 2nd period - Stopped by Ben Bishop without a rebound.
18:17 of 2nd period - Jared McCann wins face-off versus Jakub Vrana in Jets zone.
18:26 of 2nd period - Shot by Jared McCann.
18:26 of 2nd period - Stopped by Ben Bishop without a rebound.
18:27 of 2nd period - Nick Suzuki wins face-off versus Phillip Danault in Jets zone.
18:41 of 2nd period - Shot by Scott Laughton.
18:41 of 2nd period - Stopped by Ben Bishop without a rebound.
18:42 of 2nd period - Anze Kopitar wins face-off versus Mika Zibanejad in Jets zone.
18:42 of 2nd period - Justin Faulk is hit by Jake Muzzin and loses puck.
18:51 of 2nd period - Shot by Anze Kopitar.
18:51 of 2nd period - Stopped by Ben Bishop without a rebound.
18:52 of 2nd period - Brock Nelson wins face-off versus Phillip Danault in Jets zone.
19:16 of 2nd period - Shot by Phil Kessel.
19:16 of 2nd period - Shot Misses the Net.
Goals for this period are 0 for BlackHawks vs 1 for Jets.
Shots for this period are 18 for BlackHawks vs 11 for Jets.

3rd period


0:01 of 3rd period - Mika Zibanejad wins face-off versus Anze Kopitar in neutral zone.
0:39 of 3rd period - Shot by Jakub Vrana.
0:39 of 3rd period - Shot Misses the Net.
0:41 of 3rd period - Shot by Mika Zibanejad.
0:41 of 3rd period - Deflect By Kasperi Kapanen.
0:41 of 3rd period - Stopped by Jake Allen with a rebound.
0:58 of 3rd period - Icing by Erik Johnson.
0:59 of 3rd period - Anze Kopitar wins face-off versus Nick Suzuki in BlackHawks zone.
1:19 of 3rd period - Minor Penalty to Phillip Danault for Hooking.
1:20 of 3rd period - Brock Nelson wins face-off versus Ivan Barbashev in BlackHawks zone.
1:33 of 3rd period - Shot by Brock Nelson.
1:33 of 3rd period - Stopped by Jake Allen without a rebound.
1:34 of 3rd period - Ivan Barbashev wins face-off versus Mika Zibanejad in BlackHawks zone.
1:49 of 3rd period - Shot by Ivan Barbashev.
1:49 of 3rd period - Shot Misses the Net.
2:12 of 3rd period - Shot by Jakub Vrana.
2:12 of 3rd period - Stopped by Jake Allen without a rebound.
2:13 of 3rd period - Anze Kopitar wins face-off versus Brock Nelson in BlackHawks zone.
2:19 of 3rd period - Icing by Jaccob Slavin.
2:20 of 3rd period - Anze Kopitar wins face-off versus Brock Nelson in Jets zone.
2:47 of 3rd period - Shot by Jaccob Slavin.
2:47 of 3rd period - Stopped by Jake Allen without a rebound.
2:48 of 3rd period - Scott Laughton wins face-off versus Jakub Vrana in BlackHawks zone.
3:14 of 3rd period - Icing by Hampus Lindholm.
3:15 of 3rd period - Ivan Barbashev wins face-off versus Jakub Vrana in Jets zone.
4:28 of 3rd period - Bryan Rust is hit by Justin Faulk and loses puck.
4:34 of 3rd period - Off-side.
4:35 of 3rd period - Mika Zibanejad wins face-off versus Jared McCann in neutral zone.
4:35 of 3rd period - Kasperi Kapanen is hit by Jared McCann and loses puck.
6:32 of 3rd period - Off-side.
6:33 of 3rd period - Phillip Danault wins face-off versus Mikko Koivu in neutral zone.
6:38 of 3rd period - Shot by Phil Kessel.
6:38 of 3rd period - Stopped by Ben Bishop without a rebound.
6:39 of 3rd period - Mika Zibanejad wins face-off versus Anze Kopitar in Jets zone.
6:48 of 3rd period - Shot by Kasperi Kapanen.
6:48 of 3rd period - Goal by Kasperi Kapanen - BlackHawks : 1 - Jets : 2.
6:49 of 3rd period - Phillip Danault wins face-off versus Nick Suzuki in neutral zone.
6:55 of 3rd period - Icing by Hampus Lindholm.
6:56 of 3rd period - Nick Foligno wins face-off versus Anze Kopitar in Jets zone.
6:56 of 3rd period - Jaccob Slavin is hit by Jaden Schwartz and loses puck.
7:06 of 3rd period - Icing by Hampus Lindholm.
7:07 of 3rd period - Phillip Danault wins face-off versus Nick Suzuki in Jets zone.
8:52 of 3rd period - Off-side.
8:53 of 3rd period - Jared McCann wins face-off versus Brock Nelson in neutral zone.
9:50 of 3rd period - Scott Laughton is hit by Mats Zuccarello and loses puck.
10:04 of 3rd period - Off-side.
10:05 of 3rd period - Nick Suzuki wins face-off versus Anze Kopitar in neutral zone.
10:24 of 3rd period - Shot by Jaden Schwartz.
10:24 of 3rd period - Shot Misses the Net.
11:03 of 3rd period - Icing by Jake Muzzin.
11:04 of 3rd period - Phillip Danault wins face-off versus Mika Zibanejad in Jets zone.
11:27 of 3rd period - Shot by Kasperi Kapanen.
11:27 of 3rd period - Deflect By Mika Zibanejad.
11:27 of 3rd period - Stopped by Jake Allen without a rebound.
11:28 of 3rd period - Jared McCann wins face-off versus Brock Nelson in BlackHawks zone.
11:42 of 3rd period - Icing by Jay Bouwmeester.
11:43 of 3rd period - Brock Nelson wins face-off versus Curtis Lazar in Jets zone.
11:47 of 3rd period - Icing by Mats Zuccarello.
11:48 of 3rd period - Brock Nelson wins face-off versus Phillip Danault in Jets zone.
12:02 of 3rd period - Minor Penalty to Phil Kessel for Hooking.
12:03 of 3rd period - Phillip Danault wins face-off versus Mika Zibanejad in BlackHawks zone.
12:14 of 3rd period - Shot by Bryan Rust.
12:14 of 3rd period - Shot Misses the Net.
12:44 of 3rd period - Icing by Torey Krug.
12:45 of 3rd period - Scott Laughton wins face-off versus Mika Zibanejad in Jets zone.
13:07 of 3rd period - Shot by Kasperi Kapanen.
13:07 of 3rd period - Shot Misses the Net.
13:34 of 3rd period - Shot by Kasperi Kapanen.
13:34 of 3rd period - Shot Blocked by Justin Faulk.
13:36 of 3rd period - Shot by Hampus Lindholm.
13:36 of 3rd period - Shot Misses the Net.
13:38 of 3rd period - Shot by Hampus Lindholm.
13:38 of 3rd period - Stopped by Jake Allen without a rebound.
13:39 of 3rd period - Mika Zibanejad wins face-off versus Phillip Danault in BlackHawks zone.
13:52 of 3rd period - Shot by Bryan Rust.
13:52 of 3rd period - Shot Misses the Net.
14:28 of 3rd period - Icing by Patrik Nemeth.
14:29 of 3rd period - Nick Suzuki wins face-off versus Curtis Lazar in Jets zone.
14:29 of 3rd period - Nick Suzuki is hit by Curtis Lazar.
15:45 of 3rd period - Shot by Mika Zibanejad.
15:45 of 3rd period - Shot Misses the Net.
15:47 of 3rd period - Shot by Jakub Vrana.
15:47 of 3rd period - Goal by Jakub Vrana - BlackHawks : 1 - Jets : 3.
15:48 of 3rd period - Mika Zibanejad wins face-off versus Phil Kessel in neutral zone.
16:01 of 3rd period - Ryan Ellis is hit by Kasperi Kapanen and loses puck.
16:46 of 3rd period - Icing by Patrik Nemeth.
16:47 of 3rd period - Brock Nelson wins face-off versus Anze Kopitar in Jets zone.
17:05 of 3rd period - Shot by Jaden Schwartz.
17:05 of 3rd period - Shot Blocked by Patrik Nemeth.
17:07 of 3rd period - Shot by Kyle Palmieri.
17:07 of 3rd period - Shot Blocked by Jake Muzzin.
17:09 of 3rd period - Shot by Adam Larsson.
17:09 of 3rd period - Shot Blocked by Patrik Nemeth.
17:19 of 3rd period - Shot by Anze Kopitar.
17:19 of 3rd period - Stopped by Ben Bishop without a rebound.
17:20 of 3rd period - Jared McCann wins face-off versus Nick Suzuki in Jets zone.
17:24 of 3rd period - Icing by Hampus Lindholm.
17:25 of 3rd period - Jared McCann wins face-off versus Nick Suzuki in Jets zone.
17:49 of 3rd period - Shot by Brandon Saad.
17:49 of 3rd period - Stopped by Jake Allen without a rebound.
17:50 of 3rd period - Mika Zibanejad wins face-off versus Anze Kopitar in BlackHawks zone.
17:50 of 3rd period - Mika Zibanejad is hit by Ryan Ellis.
18:03 of 3rd period - Mika Zibanejad is hit by Erik Johnson and loses puck.
18:07 of 3rd period - Icing by Erik Johnson.
18:08 of 3rd period - Anze Kopitar wins face-off versus Brock Nelson in BlackHawks zone.
19:06 of 3rd period - Icing by Hampus Lindholm.
19:07 of 3rd period - Brock Nelson wins face-off versus Jared McCann in Jets zone.
19:12 of 3rd period - Brandon Carlo is hit by Bryan Rust and loses puck.
Goals for this period are 0 for BlackHawks vs 2 for Jets.
Shots for this period are 2 for BlackHawks vs 9 for Jets.